 Dungeon Crawl Stone Soup version 0.20.1-1-g8b1a95d (webtiles) character file.

664 Monsterracer the Insei (level 7, 0/60 HPs)
             Began as a Naga Transmuter on Aug 18, 2017.
             Slain by a water moccasin (7 damage)
             ... on level 5 of the Dungeon.
             The game lasted 00:09:42 (3747 turns).

Monsterracer the Insei (Naga Transmuter)            Turns: 3747, Time: 00:09:43

Health: 0/60       AC:  7    Str: 12    XL:     7   Next: 57%
Magic:  7/10       EV: 10    Int: 15    God:
Gold:   332        SH:  0    Dex: 12    Spells: 4/10 levels left

rFire    . . .     SeeInvis +     - Unarmed
rCold    . . .     Gourm    .   (no shield)
rNeg     . . .     Faith    .   i - +1 animal skin
rPois    +         Spirit   .   t - +0 helmet
rElec    .         Reflect  .   (no cloak)
rCorr    +         Harm     .   q - +1 pair of gloves
MR       .....                  (no barding)
Stlth    ++........             (no amulet)
Regen    0.2/turn               f - ring of resist corrosion
MPRegen  0.2/turn               (no ring)

@: short of breath, very slow
A: see invisible, deformed body, poison resistance, slowness 2, slow metabolism
1, spit poison 1, AC +2
a: Spit Poison


You were on level 5 of the Dungeon.
You were very hungry.

You visited 1 branch of the dungeon, and saw 5 of its levels.

You collected 332 gold pieces.

Inventory:

Missiles
 a - 38 arrows
 e - a throwing net (quivered)
Armour
 i - a +1 animal skin (worn)
 q - a +1 pair of gloves (worn)
 t - a +0 helmet (worn)
Jewellery
 f - a ring of resist corrosion (left hand)
Wands
 g - a wand of digging (11/24)
 k - a wand of disintegration (13/24)
Scrolls
 b - a scroll of remove curse
 j - a scroll of magic mapping
Potions
 l - a potion of brilliance
 m - a potion of mutation
 n - 3 potions of curing
 o - a potion of ambrosia {unknown}
Books
 c - a book of Changes

   Spells                             Type                      Level
   a - Beastly Appendage              Transmutation                1
   b - Sticks to Snakes               Transmutation                2
   c - Spider Form                    Transmutation/Poison         3
   d - Ice Form                       Ice/Transmutation            4
   e - Blade Hands                    Transmutation                5
Comestibles
 d - 4 bread rations
 h - 3 royal jellies
 p - 4 fruits
 r - a meat ration


   Skills:
 + Level 2.2 Fighting
 - Level 1.5 Dodging
 + Level 2.5 Stealth
 * Level 5.8 Unarmed Combat
 - Level 2.0 Spellcasting
 * Level 5.2 Transmutations
 - Level 3.0 Poison Magic


You had 4 spell levels left.
You knew the following spells:

 Your Spells              Type           Power        Failure   Level  Hunger
a - Beastly Appendage     Tmut           ###...       2%          1    #......
b - Sticks to Snakes      Tmut           ###.....     4%          2    ###....
c - Spider Form           Tmut/Pois      ##........   12%         3    ###....


Dungeon Overview and Level Annotations

Branches:
Dungeon (5/15)
 Temple: D:4-7

Altars:
Gozag

Shops:
D:2 *


Innate Abilities, Weirdness & Mutations

You cannot wear boots.
Your serpentine skin is tough. (AC +2)
You have supernaturally acute eyesight. (SInv)
Armour fits poorly on your strangely shaped body.
Your system is resistant to poisons. (rPois)
You cover ground very slowly.
You have a slow metabolism.
You can spit poison.


Message History

Aiming: Disintegrate (will waste charges)
Press: ? - help, Shift-Dir - straight line, f/p - water moccasin
Aim: a water moccasin (almost dead, chance to defeat MR: 65%)
The water moccasin struggles to resist.
Evoking this partially-identified wand wasted a few charges.
* * * LOW HITPOINT WARNING * * *
You feel sick. The water moccasin bites you.
* * * LOW HITPOINT WARNING * * *
Your magical contamination has completely faded away.
Huge Dmg: -10%(-6hp) hp: 2%(1hp)
You feel better.
The water moccasin bites you but does no damage. x2
Evoke which item? (* to show all) (? for menu, Esc to quit)
Aiming: Disintegrate (will waste charges)
Press: ? - help, Shift-Dir - straight line, f/p - water moccasin
Aim: a water moccasin (almost dead, chance to defeat MR: 65%)
The water moccasin struggles to resist.
Evoking this partially-identified wand wasted a few charges.
The water moccasin bites you!
You die...

#.# #.# #.# #.# #.#
######.###### #####.
#####...........#
####......
...........####.##
#.....c...
#####.###.[.....@###(#...#
#.# ##)####..S(..(...# #.#
#.# #.####.........
#.####.####.< .>.........
#.<.........####.......##
######.####.# #.#...###
#.# #.# #....... #.# #.#
####.#### #.# #. .#


You could see a water moccasin.

Vanquished Creatures
  A centaur (D:5)
  Blork the orc (D:5)
  2 howler monkeys (D:4)
  A hound (D:4)
  Terence (D:3)
  Natasha (thrice) (D:2)
  2 orc wizards
  3 worker ants (D:4)
  Robin (D:3)
  3 gnolls (D:4)
  4 adders
  An ooze (D:3)
  A worm (D:2)
  2 dart slugs
  2 leopard geckos (D:4)
  10 orcs
  7 bats
  5 giant cockroaches
  14 goblins
  10 hobgoblins
  7 kobolds
  A quokka (D:3)
  3 ball pythons
  3 frilled lizards
  6 rats
94 creatures vanquished.

Vanquished Creatures (collateral kills)
  A worker ant (D:4)
1 creature vanquished.

Grand Total: 95 creatures vanquished

Notes
Turn   | Place    | Note
-------+----------+-------------------------------------------
     0 | D:1      | Monsterracer the Naga Transmuter began the quest for the Orb.
     0 | D:1      | Reached XP level 1. HP: 18/18 MP: 3/3
   306 | D:1      | Reached XP level 2. HP: 25/25 MP: 5/5
   540 | D:1      | HP: 12/25 [kobold/short sword (1)]
   545 | D:1      | HP: 5/25 [kobold/short sword (2)]
   554 | D:1      | Learned a level 2 spell: Sticks to Snakes
   874 | D:1      | You fall through a shaft!
   885 | D:2      | Reached XP level 3. HP: 24/31 MP: 6/6
   890 | D:2      | Learned a level 3 spell: Spider Form
  1114 | D:2      | Found an opulent altar of Gozag.
  1114 | D:2      | Found Gozag's Platinum Reserve.
  1145 | D:2      | Noticed Natasha
  1150 | D:2      | Killed Natasha
  1150 | D:2      | Reached skill level 1 in Poison Magic
  1150 | D:2      | Reached XP level 4. HP: 29/38 MP: 3/7
  1312 | D:2      | Noticed Natasha
  1320 | D:2      | Killed Natasha
  1434 | D:2      | Noticed Natasha
  1439 | D:2      | Killed Natasha
  1573 | D:2      | Reached XP level 5. HP: 38/44 MP: 4/8
  2247 | D:3      | Noticed Terence
  2258 | D:3      | Killed Terence
  2332 | D:3      | Reached XP level 6. HP: 41/51 MP: 9/9
  2503 | D:3      | Noticed Robin
  2528 | D:3      | Killed Robin
  2848 | D:3      | Reached skill level 5 in Unarmed Combat
  3360 | D:4      | Reached skill level 1 in Stealth
  3360 | D:4      | Reached XP level 7. HP: 58/58 MP: 6/10
  3681 | D:5      | Entered Level 5 of the Dungeon
  3692 | D:5      | Noticed Blork the orc
  3705 | D:5      | Killed Blork the orc
  3705 | D:5      | Reached skill level 5 in Transmutations
  3738 | D:5      | HP: 27/60 [water moccasin (8)]
  3743 | D:5      | HP: 21/60 [poisoned by a water moccasin]
  3744 | D:5      | HP: 7/60 [water moccasin (4)]
  3745 | D:5      | HP: 1/60 [water moccasin (5)]
  3747 | D:5      | Slain by a water moccasin

Skill      XL: |  1  2  3  4  5  6  7 |
---------------+----------------------+-----
Transmutations | 3 4 5 |  5.2
Poison Magic   | 1 2 3 |  3.0
Unarmed Combat | 4 5 |  5.8
Stealth        | 1 2 |  2.5
Fighting       | 2 |  2.2
Dodging        | |  1.5
Spellcasting   | |  2.0

Action                   |  1- 3 |  4- 6 |  7- 9 || total
-------------------------+-------+-------+-------++-------
Melee: Unarmed           |    58 |   210 |    32 ||   300
       Headbutt          |     1 |       |       ||     1
       Punch             |       |     1 |       ||     1
 Cast: Beastly Appendage |     5 |     1 |       ||     6
       Spider Form       |     1 |    14 |     2 ||    17
       Sticks to Snakes  |       |     2 |       ||     2
 Abil: Spit Poison       |    18 |    26 |     7 ||    51
       End Transformatio |       |       |     1 ||     1
Evoke: Wand              |       |       |     3 ||     3
  Use: Scroll            |       |     9 |       ||     9
       Potion            |       |       |     1 ||     1
  Eat: Chunk             |     1 |    10 |     1 ||    12
Armor: Robe              |     8 |    27 |       ||    35
       Skin              |       |     6 |       ||     6
       Animal skin       |       |    22 |     9 ||    31
Dodge: Dodged            |    36 |   155 |    24 ||   215
